 Dungeon Crawl Stone Soup version 0.13.0-25-g43d4df3 (webtiles) character file.

9976 Econoterrorist the Cleaver (level 11, 0/95 HPs)
             Began as a Minotaur Fighter on Oct 30, 2013.
             Was a High Priest of Okawaru.
             Slain by a wolf spider simulacrum (11 damage)
             ... while paralysed by a potion of paralysis
             ... in an ice cave.
             The game lasted 00:58:59 (12616 turns).

Econoterrorist the Cleaver (Minotaur Fighter)      Turns: 12616, Time: 00:58:59

HP   0/95        AC 16     Str 20      XL: 11   Next: 19%
MP   3/3         EV  2     Int  5      God: Okawaru [*****.]
Gold 818         SH  0     Dex 16      Spells:  0 memorised, 10 levels left

Res.Fire  : + + .   See Invis. : .   g - +6,+4 war axe of Xeulesil {holy, *Tele rF++}
Res.Cold  : . . .   Warding    : .   S - +0 orc plate armour
Life Prot.: . . .   Conserve   : .   c - +0 shield
Res.Poison: +       Res.Corr.  : +   (helmet restricted)
Res.Elec. : .       Clarity    : .   y - +0 elf cloak
Sust.Abil.: . .     Spirit.Shd : .   (no gloves)
Res.Mut.  : .       Rnd.Telep. : +   (no boots)
Res.Rott. : .       Flight     : .   t - amulet of resist corrosion
Saprovore : . . .                    O - +2 ring of dexterity
                                     n - ring of poison resistance

@: paralysed, somewhat resistant to hostile enchantments, extremely unstealthy
A: retaliatory headbutt, horns 2
a: Heroism, Finesse, Renounce Religion


You were in an ice cave.
You worshipped Okawaru.
Okawaru was extremely pleased with you.
You were not hungry.

You visited 3 branches of the dungeon, and saw 15 of its levels.
You also visited: Ice Cave.

You collected 1136 gold pieces.
You spent 338 gold pieces at shops.

Inventory:

Hand weapons
 g - the +6,+4 war axe of Xeulesil (weapon) {holy, *Tele rF++}
   (You acquired it on level 1 of the Orcish Mines)

   It has been blessed by the Shining One to cause great damage to the undead
   and demons.
   It greatly protects you from fire.
   It causes teleportation.
 R - a +0,+2 orcish war axe
Armour
 c - a +0 shield (worn)
 y - a +0 elven cloak (worn)
 S - a +0 orcish plate armour (worn)
Magical devices
 a - a wand of disintegration (0) {unknown}
 H - a wand of magic darts (15)
Comestibles
 d - 5 bread rations
 x - 6 meat rations
Scrolls
 e - 5 scrolls of amnesia
 f - 3 scrolls of enchant weapon II
 h - 2 scrolls of fear
 j - 5 scrolls of magic mapping
 l - 7 scrolls of recharging
 o - 4 scrolls of teleportation
 p - 2 scrolls of blinking
 s - 6 scrolls of remove curse
 v - a scroll of curse armour
 E - a scroll of curse jewellery {unknown}
 F - a scroll of summoning {unknown}
 L - a scroll of enchant weapon III {unknown}
Jewellery
 b - an uncursed amulet of stasis
 n - a ring of poison resistance (left hand)
 t - an amulet of resist corrosion (around neck)
 K - an uncursed ring of positive energy
 O - a +2 ring of dexterity (right hand)
Potions
 m - a potion of cure mutation
 u - 2 potions of curing
 B - a potion of degeneration {unknown}
 C - 2 potions of might
 I - a potion of brilliance
 J - a potion of restore abilities
Books
 w - a book of Annihilations {highlevel}

   This book is beyond your current level of understanding.

   Spells                             Type                      Level
   Poison Arrow                       Conjuration/Poison           6
   Orb of Destruction                 Conjuration                  7
   Chain Lightning                    Conjuration/Air              8
   Lehudib's Crystal Spear            Conjuration/Earth            8
   Ice Storm                          Conjuration/Ice              9
   Fire Storm                         Conjuration/Fire             9


   Skills:
 + Level 10.9 Fighting
 + Level 11.4 Axes
 + Level 10.9 Armour
 + Level 10.5 Shields


You had 10 spell levels left.
You didn't know any spells.

Dungeon Overview and Level Annotations

Branches:
Dungeon (11/27)            Temple (1/1) D:7             Orc (3/4) D:11
    Elf: Orc:3-4       Lair: D:8-13

Altars:
Ashenzari
Cheibriados
Elyvilon
Fedhas
Kikubaaqudgha
Makhleb
Nemelex Xobeh
Okawaru
Sif Muna
Trog
Vehumet
Xom
Yredelemnul
Zin
the Shining One
Beogh

Shops:
D:8 =   D:10 %!


Innate Abilities, Weirdness & Mutations

You reflexively headbutt those who attack you in melee.
You have a pair of horns on your head.


Message History

an orc corpse You offer a prayer to Okawaru.
The orc corpse slowly burns to ash.
Okawaru is extremely pleased with you.
There is a frozen archway here.
The world spins around you as you enter the gateway. 4 simulacra come into view.
Found an ice covered gate leading back out of here.
There is an ice choked empty arch of ancient stone here.
Drink which item? (? for menu, Esc to quit)
You feel refreshed.
It was a potion of restore abilities.
Drink which item? (? for menu, Esc to quit)
You suddenly lose the ability to move!
It was a potion of paralysis.
The wolf spider simulacrum bites you! The wolf spider simulacrum freezes you!
* * * LOW HITPOINT WARNING * * *
The wolf spider simulacrum barely misses you.
The wolf spider simulacrum bites you.
* * * LOW HITPOINT WARNING * * *
The wolf spider simulacrum freezes you!
You die...

#####
##...##
##..∩..##
#.......#
#...@...#
##.ZzZ.##
##.Z.##
#...#
##...
#...#
...##
..## .##


You could see an alligator simulacrum, a death yak simulacrum, a polar bear
simulacrum and a wolf spider simulacrum.

Vanquished Creatures
  An unseen horror (D:10)
  2 hill giants
  Erolcha (D:11)
  Pikel (D:9)
  Maurice (Orc:1)
  A guardian serpent (D:10)
  A troll (D:11)
  Prince Ribbit (D:6)
  A wyvern (D:9)
  A hill giant zombie (D:8)
  Edmund (D:6)
  Menkaure (D:6)
  12 orc warriors
  3 manticores
  4 phantoms
  A slave (D:9)
  A yellow wasp (D:8)
  4 ogres
  An ice beast (D:5)
  A centaur (D:11)
  3 giant frogs
  13 killer bees
  5 crimson imps
  A goliath beetle (D:11)
  2 jellies
  A giant frog zombie (D:8)
  2 hounds (D:8)
  10 orc priests
  2 iguanas
  11 orc wizards
  6 worker ants
  2 killer bee zombies
  A crocodile skeleton (D:8)
  A hound zombie (D:5)
  A hound skeleton (D:7)
  5 adders
  4 gnolls
  A giant mite (D:8)
  2 worms
  12 white imps (Orc:3)
  An iguana zombie (D:10)
  An adder skeleton (D:6)
  An iguana skeleton (D:4)
  4 giant eyeballs
  8 giant geckos
  93 orcs
  10 bats
  6 giant cockroaches
  16 goblins
  32 hobgoblins
  21 jackals
  4 quokkas
  A giant gecko skeleton (D:6)
  5 giant newts
  26 kobolds
  An orc zombie (D:9)
  17 rats
  A rat zombie (D:5)
  A ballistomycete (D:11)
374 creatures vanquished.

Vanquished Creatures (others)
  A mottled dragon (D:11)
  A slave (D:9)
  2 orc wizards
  A giant spore (D:11)
5 creatures vanquished.

Grand Total: 379 creatures vanquished

Notes
Turn   | Place    | Note
--------------------------------------------------------------
     0 | D:1      | Econoterrorist, the Minotaur Fighter, began the quest for the Orb.
     0 | D:1      | Reached XP level 1. HP: 19/19 MP: 0/0
    89 | D:1      | Reached XP level 2. HP: 21/26 MP: 0/0
   325 | D:1      | Reached skill level 4 in Axes
   943 | D:2      | Reached XP level 3. HP: 33/33 MP: 1/1
  1178 | D:2      | Reached skill level 5 in Axes
  1592 | D:3      | Reached XP level 4. HP: 31/39 MP: 1/1
  2545 | D:4      | Reached skill level 6 in Axes
  2822 | D:4      | Noticed an ogre
  2831 | D:4      | Killed an ogre
  2831 | D:4      | Reached XP level 5. HP: 34/46 MP: 1/1
  2832 | D:4      | Found a glowing silver altar of Zin.
  3107 | D:5      | Entered Level 5 of the Dungeon
  3107 | D:5      | Noticed an ice beast
  3131 | D:5      | Killed an ice beast
  3131 | D:5      | Reached XP level 6. HP: 27/53 MP: 2/2
  3377 | D:5      | Reached skill level 5 in Armour
  3640 | D:5      | Noticed a phantom
  3663 | D:5      | Killed a phantom
  3663 | D:5      | Reached skill level 5 in Fighting
  3663 | D:5      | Reached XP level 7. HP: 49/60 MP: 2/2
  3773 | D:5      | Reached skill level 7 in Axes
  3773 | D:5      | Reached skill level 5 in Shields
  4428 | D:6      | Noticed Menkaure
  4434 | D:6      | Killed Menkaure
  4761 | D:6      | HP: 3/61 [orc/orcish club (3)]
  5033 | D:6      | Noticed Edmund
  5052 | D:6      | Killed Edmund
  5052 | D:6      | Reached XP level 8. HP: 57/69 MP: 2/2
  5092 | D:6      | Paralysed by a giant eyeball for 3 turns
  5099 | D:6      | Paralysed by a giant eyeball for 4 turns
  5200 | D:6      | Noticed Prince Ribbit
  5372 | D:6      | Killed Prince Ribbit
  5617 | D:7      | Found a staircase to the Ecumenical Temple.
  5626 | Temple   | Entered the Ecumenical Temple
  5649 | Temple   | Became a worshipper of Warmaster Okawaru
  5703 | D:7      | Reached skill level 8 in Axes
  6304 | D:8      | HP: 1/70 [manticore (9)]
  6306 | D:8      | Acquired Okawaru's first power
  6306 | D:8      | Reached XP level 9. HP: 7/77 MP: 3/3
  6761 | D:8      | Found Jorad's Jewellery Emporium.
  6803 | D:8      | Bought an uncursed ring of poison resistance for 300 gold pieces
  7198 | D:8      | Paralysed by a giant eyeball for 3 turns
  7222 | D:8      | Reached skill level 9 in Axes
  7731 | D:9      | Noticed a hill giant
  7743 | D:9      | Killed a hill giant
  8287 | D:9      | Found an iron altar of Okawaru.
  8296 | D:9      | Reached skill level 10 in Axes
  8296 | D:9      | Reached XP level 10. HP: 69/86 MP: 3/3
  8398 | D:9      | Noticed Pikel
  8443 | D:9      | Killed Pikel
  8646 | D:9      | Found a bloodstained altar of Trog.
  8686 | D:10     | Entered Level 10 of the Dungeon
  8707 | D:10     | Found Gaschano's Distillery.
  8716 | D:10     | Bought a potion of blood for 11 gold pieces
  8716 | D:10     | Bought a potion of might for 27 gold pieces
  9460 | D:10     | Killed an unseen horror
  9476 | D:10     | Found Geored's Food Boutique.
  9486 | D:10     | Noticed a hill giant
  9495 | D:10     | Killed a hill giant
  9495 | D:10     | Reached skill level 10 in Fighting
  9495 | D:10     | Reached skill level 10 in Armour
  9804 | D:10     | Noticed a guardian serpent
  9818 | D:10     | Killed a guardian serpent
 10193 | D:11     | Noticed Erolcha
 10203 | D:11     | Killed Erolcha
 10203 | D:11     | Reached skill level 11 in Axes
 10203 | D:11     | Reached skill level 10 in Shields
 10205 | D:11     | Acquired Okawaru's second power
 10501 | D:11     | Paralysed by a giant eyeball for 2 turns
 10507 | D:11     | Paralysed by a giant eyeball for 4 turns
 10953 | D:11     | Found a staircase to the Orcish Mines.
 10987 | D:11     | Reached XP level 11. HP: 70/95 MP: 3/3
 11162 | Orc:1    | Entered Level 1 of the Orcish Mines
 11323 | Orc:1    | Noticed Maurice
 11690 | Orc:1    | Killed Maurice
 11792 | Orc:2    | Found a roughly hewn altar of Beogh.
 12358 | Orc:1    | Identified a scroll of acquirement
 12359 | Orc:1    | Got a crystal war axe
 12362 | Orc:1    | Identified the war axe of Xeulesil {holy, *Tele rF++} (You acquired it on level 1 of the Orcish Mines)
 12511 | Orc:3    | Found a frozen archway.
 12611 | IceCv    | Entered an ice cave
 12613 | IceCv    | Paralysed by a potion of paralysis for 5 turns
 12616 | IceCv    | Slain by a wolf spider simulacrum

Action                   |  1- 3 |  4- 6 |  7- 9 | 10-12 || total
-------------------------+-------+-------+-------+-------++-------
Melee: Hand axe          |   108 |   197 |   383 |       ||   688
       War axe           |       |       |   128 |   379 ||   507
Invok: Heroism           |       |       |       |     1 ||     1
Evoke: Wand              |       |       |     3 |     4 ||     7
  Use: Potion            |       |     6 |     4 |     6 ||    16
       Scroll            |       |       |    10 |    14 ||    24
